 Dungeon Crawl Stone Soup version 0.31.0-11-ge490571c62 (webtiles) character file.

Game seed: 3970859935770646140

332876 browni3141 the Impregnable (level 19, -26/199 HPs)
             Began as a Minotaur Fighter on Jan 28, 2024.
             Was an Elder of Okawaru.
             Killed from afar by a storm dragon (33 damage)
             ... with a bolt of lightning
             ... on level 5 of the Realm of Zot.
             The game lasted 00:34:17 (25454 turns).

browni3141 the Impregnable (Minotaur Fighter)      Turns: 25454, Time: 00:34:18

Health: -26/199    AC: 32    Str: 38    XL:     19   Next: 56%
Magic:  4/15       EV: 24    Int:  5    God:    Okawaru [****..]
Gold:   2080       SH: 18    Dex: 20    Spells: 18/18 levels left

rFire   + + .        W - +7 broad axe (drain)
rCold   + . .        V - +0 kite shield "Emiakuhe" {Regen+ MP-9 Str+3 Dex+7}
rNeg    + . .        G - +5 pearl dragon scales
rPois   .            R - +2 hat of the Slorg {rF+ Will++ Slay-4}
rElec   .            S - scarf {repulsion}
rCorr   +            n - +2 pair of gloves {Dex+3}
SInv    +            i - +2 pair of boots
Will    ++++.        K - amulet of the acrobat
Stlth   ++           C - ring of resist corrosion
HPRegen 1.33/turn    b - ring "Casayfi Feuw" {rF+ Str+6}
MPRegen 0.14/turn

%: repel missiles, acrobat
@: mighty, heroic, finesse-ful
A: horns 2, retaliatory headbutt, see invisible, cold resistance 1, deformed
body, deterioration 1, strong-willed 1, robust 1, screaming 1, inability to
drink after injury 1, persistent drain
}: 3/15 runes: serpentine, barnacled, slimy
a: Renounce Religion, Heroism, Finesse


You were on level 5 of the Realm of Zot.
You worshipped Okawaru.
Okawaru was greatly pleased with you.
You visited 7 branches of the dungeon, and saw 42 of its levels.

You collected 2525 gold pieces.
You spent 445 gold pieces at shops.

Inventory:

Hand Weapons
 M - a +3 broad axe of venom
 W - a +7 broad axe of draining (weapon)
Missiles
 r - 26 boomerangs (quivered)
 y - 21 curare-tipped darts
 E - 4 throwing nets
 Y - 9 silver javelins
 Z - 27 javelins
Armour
 i - a +2 pair of boots (worn)
 n - a +2 pair of gloves of dexterity (worn)
 t - +0 storm dragon scales
 G - +5 pearl dragon scales (worn)
 R - the +2 hat of the Slorg (worn) {rF+ Will++ Slay-4}
   (You acquired it on level 5 of the Lair of Beasts)

   Slay-4:    It affects your accuracy & damage with ranged weapons and melee
   (-4).
   rF+:       It protects you from fire.
   Will++:    It greatly increases your willpower.
 S - a scarf of repulsion (worn)
 V - the +0 kite shield "Emiakuhe" (worn) {Regen+ MP-9 Str+3 Dex+7}
   (Okawaru gifted it to you on level 3 of the Lair of Beasts)

   Str+3:     It affects your strength (+3).
   Dex+7:     It affects your dexterity (+7).
   MP-9:      It affects your magic capacity (-9).
   Regen+:    It increases your rate of health regeneration.
Jewellery
 b - the ring "Casayfi Feuw" (right hand) {rF+ Str+6}
   (You took it off a merfolk on level 4 of the Shoals)

   [ring of strength]

   Str+6:     It affects your strength (+6).
   rF+:       It protects you from fire.
 j - the ring "Cusausiu" {rN+ Will+ MP+9 Stlth+}
   (You found it on level 5 of the Pits of Slime)

   [ring of willpower]

   rN+:       It protects you from negative energy.
   Will+:     It increases your willpower.
   MP+9:      It affects your magic capacity (+9).
   Stlth+:    It makes you more stealthy.
 u - a ring of protection from cold
 A - an amulet of magic regeneration
 B - a ring of magical power
 C - a ring of resist corrosion (left hand)
 K - an amulet of the acrobat (around neck)
 O - a ring of positive energy
 X - a +4 ring of protection
Wands
 e - a wand of mindburst (8)
 I - a wand of flame (67)
 J - a wand of roots (23)
 U - a wand of acid (7)
Scrolls
 f - 2 scrolls of fear
 m - 2 scrolls of immolation
 o - 3 scrolls of teleportation
 p - 8 scrolls of vulnerability
 v - 2 scrolls of torment
 x - 4 scrolls of amnesia
 D - 9 scrolls of identify
 N - a scroll of summoning
 T - 5 scrolls of poison
Potions
 d - 2 potions of might
 h - 4 potions of mutation
 l - a potion of curing
 q - 6 potions of degeneration
 s - 5 potions of lignification
 z - a potion of resistance
 H - 3 potions of brilliance
 L - 3 potions of attraction
 P - 2 potions of enlightenment
 Q - 4 potions of magic
Miscellaneous
 g - a tin of tremorstones (2/2)


   Skills:
 + Level 18.9(23.9) Fighting
 - Level 18.0(23.0) Axes
 * Level 12.9(17.9) Throwing
 + Level 21.2(26.2) Armour
 + Level 14.8(19.8) Dodging
 + Level 18.6(23.6) Shields
 - Level 8.0 Invocations


You had 18 spell levels left.
You didn't know any spells.
Your spell library contained the following spells:

 Spells                   Type           Power      Damage    Failure   Level
 Freeze                   Ice            0%         1d3       61%         1
 Kiss of Death            Conj/Necr      0%         2d5       61%         1
 Sting                    Conj/Alch      0%         1d3       61%         1
 Ensorcelled Hibernation  Hex/Ice        0%         N/A       75%         2
 Mercury Vapours          Alch/Air       0%         N/A       75%         2
 Sublimation of Blood     Necr           0%         N/A       75%         2
 Confusing Touch          Hex            0%         N/A       93%         3
 Frozen Ramparts          Ice            0%         1d1       93%         3
 Fugue of the Fallen      Necr           0%         N/A       93%         3
 Hailstorm                Conj/Ice       0%         3d5       93%         3
 Mephitic Cloud           Conj/Alch/Air  0%         N/A       93%         3
 Ozocubu's Armour         Ice            0%         N/A       93%         3
 Anguish                  Hex/Necr       0%         N/A       100%        4
 Dispel Undead            Necr           0%         3d6       100%        4
 Manifold Assault         Tloc           0%         N/A       100%        4
 Olgreb's Toxic Radiance  Alch           0%         N/A       100%        4
 Passage of Golubria      Tloc           0%         N/A       100%        4
 Petrify                  Alch/Erth      0%         N/A       100%        4
 Alistair's Intoxication  Alch           0%         N/A       100%        5
 Borgnjor's Vile Clutch   Necr/Erth      0%         N/A       100%        5
 Freezing Cloud           Conj/Ice/Air   0%         6-21      100%        5
 Irradiate                Conj/Alch      0%         3d11      100%        5
 Yara's Violent Unravell  Hex/Alch       0%         3d3       100%        5
 Eringya's Noxious Bog    Alch           0%         4d6       100%        6
 Ozocubu's Refrigeration  Ice            0%         4d7       100%        7
 Polar Vortex             Ice            0%         N/A       100%        9
 Summon Small Mammal      Summ           Unusable   N/A       N/A         1
 Call Canine Familiar     Summ           Unusable   N/A       N/A         3
 Tukima's Dance           Hex            Unusable   N/A       N/A         3
 Summon Blazeheart Golem  Fire/Summ      Unusable   N/A       N/A         4
 Sculpt Simulacrum        Ice/Alch       Unusable   N/A       N/A         6

Dungeon Overview and Level Annotations

Branches:
Dungeon (15/15)            Temple (0/1) D:5            Lair (5/5) D:8
 Shoals (4/4) Lair:2        Snake (4/4) Lair:2        Slime (5/5) Lair:5
 Depths (4/4) D:15            Zot (5/5) Depths:4
    Orc: D:9-12      Vaults: D:13-14

Altars:
Ashenzari
Elyvilon
Hepliaklqana
Okawaru
Qazlal
Trog
Uskayaw

Shops:
D:2 *   D:7 [(?   D:8 *   D:11 *   Shoals:1 *   Shoals:3 :

Portals:
Hell: Depths:2 Depths:4
Pandemonium: Depths:4
Ice
Cave: D:11

Annotations:
D:9 exclusion: obsidian statue
D:13 3 transporters
Lair:1 1 runed translucent door
Lair:5 exclusion: 3 oklob plants
Zot:5 exclusions: 2 obsidian statues and 1 more exclusion, Jofris Vesimp's ghost, legendary GnFE


Innate Abilities, Weirdness & Mutations

You have a pair of horns on your head.
You reflexively headbutt those who attack you in melee.
You have supernaturally acute eyesight. (SInv)
Your flesh is cold resistant. (rC+)
Armour fits poorly on your strangely shaped body.
Your body sometimes deteriorates upon taking damage.
You are strong-willed. (Will+)
You are robust. (+10% HP)
You occasionally shout uncontrollably at your foes.
You occasionally lose the ability to drink potions when taking damage.
Your health recovers twice as slowly from being drained.


Message History

No reachable target in view!
Okay, then.
You start resting.
The spectator cheers loudly.
Your hands slow down.
You start resting.
Okawaru bids you farewell from the Arena.
You start resting.
The spectator waves excitedly.
You are returned from the Arena.
Welcome back to the Realm of Zot!
Level annotation: exclusions: 2 obsidian statues and 1 more exclusion, Jofris Vesimp's ghost, legendary GnFE A yellow draconian annihilator comes into view.
It is wielding a +0 long sword.
The yellow draconian annihilator roars!
The Orb Guardian disappears!
The Orb Guardian hits you!!
The yellow draconian annihilator gestures wildly while chanting.
The yellow draconian annihilator blinks!
The Orb Guardian completely misses you. You furiously retaliate!
You headbutt the Orb Guardian! The Orb Guardian closely misses you.
You furiously retaliate!
You headbutt the Orb Guardian.
The Orb Guardian disappears!
The yellow draconian annihilator moves out of view.
You feel very mighty all of a sudden.
The Orb Guardian hits you but does no damage.
You block the Orb Guardian's attack. The Orb Guardian misses you.
You hear a loud "Zot"!
The Orb Guardian disappears!
You block the Orb Guardian's attack.
You can now deal lightning-fast blows.
The Orb Guardian hits you!
The Orb Guardian hits you but does no damage.
You block the Orb Guardian's attack. x2; The Orb Guardian hits you!
You gain the combat prowess of a mighty hero.
You can no longer enter into single combat with a foe.
Okawaru will no longer gift you throwing weapons.
You block the Orb Guardian's attack. x3; The Orb Guardian closely misses you.
The Orb Guardian hits you!! The Orb Guardian misses you.
You furiously retaliate!
You headbutt the Orb Guardian.
You carve the Orb Guardian like a ham!!!
Your headbutt misses the Orb Guardian.
The Orb Guardian is almost dead.
You slash the Orb Guardian! You hit the Orb Guardian.
You drain the Orb Guardian. You slash the Orb Guardian!
You drain the Orb Guardian. You block the Orb Guardian's attack.
The Orb Guardian hits you!
You are too injured to fight recklessly!
You are too injured to fight recklessly!
Okay, then.
As you read the scroll of fear, it crumbles to dust.
You assume a fearsome visage.
The Orb Guardian resists with almost no effort. x5
The storm dragon resists with some effort.
You block the Orb Guardian's attack. x3
An orb of fire comes into view.
The Orb Guardian hits you!
You hear a loud "Zot"!
The Orb Guardian closely misses you. You furiously retaliate!
You headbutt the Orb Guardian!
Unknown command.
Okay, then.
Unknown command.
You slash the Orb Guardian!
The Orb Guardian is almost dead.
You slice the Orb Guardian!! x2; You drain the Orb Guardian!
You hit the Orb Guardian but do no damage.
You drain the Orb Guardian. You block the Orb Guardian's attack. x2
Unknown command.
You barely miss the Orb Guardian.
The Orb Guardian is almost dead.
You miss the Orb Guardian. You closely miss the Orb Guardian.
You slice the Orb Guardian!! You drain the Orb Guardian.
The Orb Guardian hits you but does no damage.
An Orb Guardian comes into view.
Unknown command.
You hit the Orb Guardian but do no damage.
You drain the Orb Guardian. Your headbutt misses the Orb Guardian.
The Orb Guardian is almost dead.
You closely miss the Orb Guardian. x2; You slash the Orb Guardian!
You drain the Orb Guardian.
You kill the Orb Guardian!
Okawaru accepts your kill. You block the Orb Guardian's attack. x2
The yellow draconian annihilator gestures wildly while chanting.
The yellow draconian annihilator blinks!
Unknown command.
You carve the Orb Guardian like a ham!!!
You kill the Orb Guardian!
Okawaru accepts your kill.
You slash the Orb Guardian! You drain the Orb Guardian.
You slice the Orb Guardian!!
You kill the Orb Guardian!
Okawaru accepts your kill.
You slash the storm dragon!
Unknown command.
You slash the Orb Guardian! You drain the Orb Guardian.
You headbutt the Orb Guardian!
The Orb Guardian is almost dead.
You slash the storm dragon! You drain the storm dragon.
You slice the Orb Guardian!!
The storm dragon breathes lightning at you.
The bolt of lightning hits you!!
You die...

^
#..^###########...###..
. ....## ##....##. .
.D..### ###..... ▓
▓▓▓▓▓ #▓▓▓▓▓ . . . . .
. ▓▓▓▓▓▓▓▓▓ . ▓@.^.*..▓
. ▓DXX....X. .
▓.......... .
.......0^... §
§.▓..........
....▓▓......... ...
▓▓.......▓ .. ▓▓▓▓▓▓▓▓▓


You could see an orb of fire, a storm dragon (catching breath, drained) and 3
Orb Guardians.

Vanquished Creatures
  the Royal Jelly (Slime:5)
  An orb of fire (Zot:1)
  2 ancient liches (Zot:5)
  A curse toe (Zot:3)
  2 Killer Klowns
  Vashnia (Snake:4)
  3 golden dragons
  An electric golem (Zot:1)
  2 tentacled monstrosities
  A lich (Depths:4)
  2 quicksilver dragons
  17 Orb Guardians
  5 death cobs
  17 acid blobs
  3 shadow dragons
  2 storm dragons
  3 nagarajas (Snake:4)
  8 rockslimes (Slime:5)
  A draconian shifter (Zot:5)
  2 protean progenitors (Zot:4)
  A balrug (Depths:2)
  5 azure jellies (Slime:5)
  A ghost moth (Zot:4)
  4 frost giants
  2 draconian stormcallers
  A spriggan defender (Depths:1)
  2 formless jellyfish
  7 stone giants
  2 vampire knights
  15 very ugly things
  15 quicksilver oozes
  2 black draconians
  2 red draconians
  4 green draconians
  6 white draconians
  2 purple draconians (Zot:5)
  2 yellow draconians (Depths:4)
  5 merfolk javelineers
  4 ettins
  5 fire dragons
  2 merfolk impalers
  3 great orbs of eyes
  3 rakshasas
  Harold (D:10)
  3 ice dragons
  A hydra (Lair:5)
  3 salamander tyrants
  An ogre mage (D:13)
  3 merfolk aquamancers (Shoals:4)
  A catoblepas (Lair:5)
  4 centaur warriors (D:13)
  A spriggan air mage (Depths:4)
  An alligator snapping turtle (Shoals:4)
  3 anacondas (Snake:4)
  5 boulder beetles
  Erica (D:10)
  2 two-headed ogres (D:13)
  3 satyrs
  11 tengu warriors
  2 deep troll shamans
  8 naga warriors
  5 death yaks (Lair:1)
  A vampire mage (Depths:4)
  Urug (Lair:5)
  5 deep troll earth magi
  5 naga sharpshooters (Snake:4)
  An occultist (Depths:2)
  A hell knight (Depths:4)
  4 spriggan berserkers
  A sun demon (Depths:1)
  5 salamander mystics (Snake:4)
  4 iron trolls
  Nergalle (Lair:3)
  4 skysharks
  A skeletal warrior (D:13)
  7 sea snakes
  2 goliath frogs (Zot:4)
  10 deep trolls
  A mana viper (shapeshifter) (Depths:4)
  6 mana vipers
  7 naga ritualists (Snake:4)
  2 glowing orange brains
  2 lindwurms (Lair:5)
  3 fauns (Shoals:2)
  7 deep elf pyromancers
  14 ugly things
  3 wolf spiders (D:13)
  9 cyclopes
  2 shining eyes (Slime:5)
  7 manticores
  A cyclops (shapeshifter) (D:13)
  7 moths of wrath
  11 salamanders
  23 black mambas
  4 naga magi
  An ice statue (D:9)
  2 eyes of devastation
  A smoke demon (Depths:1)
  2 eyes of devastation (shapeshifter)
  4 water nymphs
  2 guardian serpents (Snake:4)
  7 cane toads
  2 molten gargoyles (Lair:5)
  A yaktaur (shapeshifter) (Depths:4)
  A yaktaur (D:13)
  A freezing wraith (D:13)
  2 kobold demonologists
  A rime drake (Lair:4)
  10 komodo dragons
  3 tengu conjurers
  An efreet (D:15)
  A queen bee (shapeshifter) (D:15)
  6 trolls
  6 polar bears
  2 hornets
  2 wind drakes (Shoals:4)
  10 merfolk
  4 dream sheep (Lair:5)
  A glass eye (Depths:1)
  3 snapping turtles (Shoals:4)
  49 slime creatures
  A spriggan (shapeshifter) (D:13)
  7 wyverns
  7 water elementals
  Sigmund (D:2)
  2 air elementals (Shoals:4)
  A shadow (D:13)
  2 vampires (D:13)
  2 spriggans
  2 wraiths (D:13)
  63 yaks
  9 basilisks
  A basilisk (shapeshifter) (D:15)
  A human (Lair:1)
  3 steam dragons (Lair:5)
  3 golden eyes (Slime:1)
  Grum (D:10)
  12 vampire mosquitoes
  An acid dragon (D:13)
  3 hell hounds (Lair:5)
  15 nagas
  14 water moccasins
  4 orc warriors
  7 black bears
  4 laughing skulls
  A black bear (shapeshifter) (D:13)
  36 wolves
  5 centaurs
  An ogre (D:6)
  A phantom (D:5)
  A wolf (shapeshifter) (D:14)
  2 kobold brigands
  19 bullfrogs
  A gnoll sergeant (D:8)
  4 scorpions
  5 wights
  14 killer bees
  6 howler monkeys
  A bombardier beetle (D:5)
  5 lava snakes (Lair:5)
  2 hounds
  2 jellies (D:8)
  8 orc priests
  A gnoll bouda (D:6)
  2 iguanas (D:4)
  2 sleepcaps (D:6)
  Natasha (thrice) (D:2)
  14 orc wizards
  5 hell rats (Lair:2)
  12 gnolls
  5 adders
  A shadow imp (D:3)
  4 white imps
  2 ufetubi (D:6)
  5 ribbon worms
  27 orcs
  2 ball pythons
  4 endoplasms
  4 giant cockroaches
  6 goblins
  9 hobgoblins
  2 jackals (D:4)
  14 kobolds
  5 quokkas
  6 bats
  6 frilled lizards
  5 rats
942 creatures vanquished.

Vanquished Creatures (others)
  A draconian knight (Depths:4)
  A fire giant (Depths:1)
  A merfolk impaler (Shoals:4)
  A satyr (Shoals:4)
  A manticore (Shoals:4)
  A merfolk siren (Shoals:4)
  2 water elementals (Shoals:4)
  An air elemental (Shoals:4)
9 creatures vanquished.

Grand Total: 951 creatures vanquished

Notes
Turn   | Place    | Note
-------+----------+-------------------------------------------
     0 | D:1      | browni3141 the Minotaur Fighter began the quest for the
                  | Orb.
     0 | D:1      | Reached XP level 1. HP: 19/19 MP: 0/0
    86 | D:1      | Reached XP level 2. HP: 26/27 MP: 1/1
   563 | D:2      | Reached XP level 3. HP: 26/33 MP: 2/2
   564 | D:2      | Reached skill level 4 in Armour
  1186 | D:2      | Noticed Natasha
  1193 | D:2      | Killed Natasha
  1194 | D:2      | Reached XP level 4. HP: 34/40 MP: 3/3
  1231 | D:2      | Noticed Sigmund
  1248 | D:2      | Killed Sigmund
  1249 | D:2      | Reached XP level 5. HP: 46/47 MP: 4/4
  1303 | D:2      | Found Keumuoh's General Store.
  1311 | D:2      | Bought a potion of curing for 33 gold pieces
  1311 | D:2      | Bought a scroll of identify for 22 gold pieces
  1446 | D:2      | Found Keumuoh's General Store.
  1573 | D:2      | Noticed Natasha
  1583 | D:2      | Killed Natasha
  1584 | D:2      | Reached skill level 5 in Axes
  1646 | D:2      | Noticed Natasha
  1654 | D:2      | Killed Natasha
  1655 | D:2      | Reached XP level 6. HP: 49/55 MP: 5/5
  1675 | D:3      | Found a faded altar of an unknown god.
  1773 | D:3      | Identified the +1 short sword of Valiance {vamp, rPois rC+}
  1904 | D:3      | Found a stormy altar of Qazlal.
  2467 | D:4      | Noticed a water moccasin
  2476 | D:4      | Killed a water moccasin
  2477 | D:4      | Reached skill level 5 in Fighting
  2477 | D:4      | Reached skill level 5 in Armour
  2477 | D:4      | Reached skill level 5 in Shields
  3005 | D:4      | Reached XP level 7. HP: 61/61 MP: 6/6
  3218 | D:4      | Found an iron altar of Okawaru.
  3499 | D:4      | Identified the +1 quarterstaff of Infinite Pain {spect,
                  | Dex+3}
  3796 | D:5      | Entered Level 5 of the Dungeon
  3848 | D:4      | Became a worshipper of Warmaster Okawaru
  3988 | D:5      | Found a staircase to the Ecumenical Temple.
  3989 | D:5      | Found a broken altar of Ashenzari.
  3990 | D:5      | Found a hide-covered altar of Uskayaw.
  3991 | D:5      | Found a hazy altar of Hepliaklqana.
  4012 | D:5      | Reached skill level 6 in Armour
  4022 | D:5      | Reached XP level 8. HP: 6/70 MP: 7/7
  4303 | D:5      | Reached skill level 1 in Invocations
  4892 | D:5      | Reached * piety under Okawaru
  4993 | D:6      | Noticed a hornet
  5002 | D:6      | Killed a hornet
  5085 | D:6      | Found a bloodstained altar of Trog.
  5288 | D:6      | Reached skill level 7 in Armour
  5747 | D:7      | Found Qoxzaegy's Magic Scroll Boutique.
  5753 | D:7      | Reached XP level 9. HP: 79/79 MP: 10/10
  5758 | D:7      | Reached ** piety under Okawaru
  5788 | D:7      | Bought a scroll of identify for 24 gold pieces
  5788 | D:7      | Bought a scroll of identify for 24 gold pieces
  5788 | D:7      | Bought a scroll of identify for 24 gold pieces
  5788 | D:7      | Bought a scroll of identify for 24 gold pieces
  5788 | D:7      | Bought a scroll of teleportation for 36 gold pieces
  5788 | D:7      | Bought a scroll of blinking for 90 gold pieces
  5788 | D:7      | Identified a scroll of acquirement
  5792 | D:7      | Acquired a +2 pair of gloves of dexterity
  6217 | D:7      | Found Kiteumnu's Antique Weapon Shoppe.
  6243 | D:7      | Noticed an animated storm dragon scales
  6245 | D:7      | Found Coeciz's Armour Emporium.
  6343 | D:7      | Noticed an animated shadow dragon scales
  6445 | D:8      | Found Atwir's Assorted Antiques.
  6524 | D:8      | Reached skill level 10 in Axes
  6527 | D:8      | Reached *** piety under Okawaru
  6574 | D:8      | Reached skill level 8 in Armour
  6773 | D:8      | Reached XP level 10. HP: 81/88 MP: 12/12
  7001 | D:8      | Found a staircase to the Lair.
  7013 | D:8      | Reached **** piety under Okawaru
  7240 | D:8      | Found a white marble altar of Elyvilon.
  7570 | Lair:1   | Entered Level 1 of the Lair of Beasts
  7570 | Lair:1   | Noticed a black mamba
  7577 | Lair:1   | Killed a black mamba
  7651 | Lair:1   | Noticed a black mamba
  7656 | Lair:1   | Killed a black mamba
  7683 | Lair:1   | Noticed a cane toad
  7693 | Lair:1   | Killed a cane toad
  7694 | Lair:1   | Reached skill level 5 in Invocations
  7729 | Lair:1   | Reached skill level 9 in Armour
  7735 | Lair:1   | Noticed a skyshark
  7736 | Lair:1   | Noticed a death yak
  7738 | Lair:1   | Noticed a death yak
  7750 | Lair:1   | Noticed a death yak
  7753 | Lair:1   | Noticed a death yak
  7753 | Lair:1   | Noticed a death yak
  7768 | Lair:1   | Killed a death yak
  7772 | Lair:1   | Killed a skyshark
  7772 | Lair:1   | Reached ***** piety under Okawaru
  7773 | Lair:1   | Reached XP level 11. HP: 78/97 MP: 8/14
  7776 | Lair:1   | Killed a death yak
  7781 | Lair:1   | Killed a death yak
  7787 | Lair:1   | Killed a death yak
  7796 | Lair:1   | Killed a death yak
  7801 | Lair:1   | Received a gift from Okawaru
  8128 | Lair:1   | Found a runed translucent door.
  8128 | Lair:1   | Noticed a reaper
  8145 | Lair:1   | Reached skill level 10 in Armour
  8194 | Lair:1   | Reached skill level 10 in Fighting
  8701 | Lair:2   | Reached skill level 10 in Shields
  9002 | Lair:2   | Found a staircase to the Snake Pit.
  9177 | Lair:2   | Found a staircase to the Shoals.
  9633 | Lair:3   | Reached skill level 1 in Dodging
  9635 | Lair:3   | Reached XP level 12. HP: 72/107 MP: 13/16
  9643 | Lair:3   | Noticed Nergalle
  9644 | Lair:3   | Received a gift from Okawaru
  9650 | Lair:3   | Reached ****** piety under Okawaru
  9655 | Lair:3   | Killed Nergalle
  9981 | Lair:3   | Identified the +5 spear of Parts Unknown {antimagic, Will+}
  9998 | Lair:3   | Acquired the +0 kite shield "Emiakuhe" {Regen+ MP-9 Str+3
                  | Dex+7}
  9998 | Lair:3   | Received a gift from Okawaru
 10061 | Lair:3   | Acquired a +1 heavy broad axe
 10061 | Lair:3   | Received a gift from Okawaru
 11014 | Lair:4   | Identified the +3 scale mail "Cej Ota" {Will+ Str+3 Int+8
                  | Stlth-}
 11116 | Lair:4   | Reached skill level 11 in Armour
 11622 | Lair:5   | Entered Level 5 of the Lair of Beasts
 11623 | Lair:5   | Acquired the +2 hat of the Slorg {rF+ Will++ Slay-4}
 11648 | Lair:5   | Noticed a catoblepas
 11660 | Lair:5   | Killed a catoblepas
 11694 | Lair:5   | Received a gift from Okawaru
 11739 | Lair:5   | Noticed a boulder beetle
 11756 | Lair:5   | Killed a boulder beetle
 11765 | Lair:5   | Reached skill level 15 in Axes
 11897 | Lair:5   | Received a gift from Okawaru
 12063 | Lair:5   | Noticed Urug
 12076 | Lair:5   | Killed Urug
 12077 | Lair:5   | Reached XP level 13. HP: 97/116 MP: 9/18
 12349 | Lair:5   | Found a staircase to the Slime Pits.
 12481 | Lair:5   | Received a gift from Okawaru
 12482 | Lair:5   | Reached skill level 5 in Dodging
 12499 | Lair:5   | Reached skill level 12 in Armour
 12667 | Lair:5   | Found a large runed translucent door.
 12668 | Lair:5   | Found a large runed translucent door.
 12965 | Lair:5   | Noticed a fire dragon
 13694 | Lair:5   | Killed a fire dragon
 14041 | D:9      | Received a gift from Okawaru
 14047 | D:9      | Identified the +2 mace of Foolhardiness {speed, Str+3}
 14484 | D:10     | Entered Level 10 of the Dungeon
 14597 | D:10     | Noticed Harold
 14605 | D:10     | Killed Harold
 14621 | D:10     | Noticed Erica
 14627 | D:10     | Killed Erica
 14809 | D:10     | Noticed Grum
 14825 | D:10     | Killed Grum
 14960 | D:10     | Identified the +1 leather armour "Ofuitoqe" {+Blink rElec}
 15309 | Snake:1  | Entered Level 1 of the Snake Pit
 15330 | Snake:1  | Found a broken altar of Ashenzari.
 15397 | Snake:1  | Received a gift from Okawaru
 15561 | Snake:4  | Entered Level 4 of the Snake Pit
 15615 | Snake:4  | Reached XP level 14. HP: 105/127 MP: 10/19
 15827 | Snake:4  | Received a gift from Okawaru
 15837 | Snake:4  | Reached skill level 13 in Armour
 16428 | Snake:4  | Noticed a nagaraja
 16459 | Snake:4  | Killed a nagaraja
 16553 | Snake:4  | Received a gift from Okawaru
 16576 | Snake:4  | Noticed a nagaraja
 16589 | Snake:4  | Killed a nagaraja
 16625 | Snake:4  | Noticed Vashnia
 16664 | Snake:4  | Received a gift from Okawaru
 16677 | Snake:4  | Reached skill level 14 in Armour
 16683 | Snake:4  | Noticed a nagaraja
 16688 | Snake:4  | Killed Vashnia
 16689 | Snake:4  | Reached XP level 15. HP: 76/138 MP: 8/20
 16715 | Snake:4  | Killed a nagaraja
 16813 | Snake:4  | Got a jade gem with 992 turns to spare
 16938 | Snake:4  | Got a serpentine rune of Zot
 16994 | Snake:4  | Received a gift from Okawaru
 17764 | Shoals:1 | Entered Level 1 of the Shoals
 18080 | Shoals:3 | Found Nigragyc's Self-Improvement Boutique.
 18088 | Shoals:4 | Entered Level 4 of the Shoals
 18148 | Shoals:4 | Received a gift from Okawaru
 18153 | Shoals:4 | Identified the +0 pair of gloves of Gozag {rPois rC-
                  | Regen+}
 18336 | Shoals:4 | Noticed a storm dragon
 18354 | Shoals:4 | Killed a storm dragon
 18391 | Shoals:4 | Paralysed by an air elemental for 1 turns
 18397 | Shoals:4 | Identified the ring "Casayfi Feuw" {rF+ Str+6}
 18412 | Shoals:4 | Reached skill level 10 in Dodging
 18418 | Shoals:4 | Reached skill level 15 in Armour
 18434 | Shoals:4 | Received a gift from Okawaru
 18435 | Shoals:4 | Reached skill level 15 in Fighting
 18494 | Shoals:4 | Got an azure gem with 1129 turns to spare
 18498 | Shoals:4 | Got a barnacled rune of Zot
 18576 | Shoals:1 | Found Beod Fua's General Store.
 18579 | Shoals:1 | Bought a potion of might for 56 gold pieces
 18778 | Slime:1  | Entered Level 1 of the Pits of Slime
 18778 | Slime:1  | Noticed an acid blob
 18792 | Slime:1  | Killed an acid blob
 18794 | Slime:1  | Reached skill level 15 in Shields
 18814 | Slime:2  | Noticed an acid blob
 18884 | Slime:5  | Entered Level 5 of the Pits of Slime
 18895 | Slime:5  | Noticed an acid blob
 18895 | Slime:5  | Noticed an acid blob
 18900 | Slime:5  | Noticed the Royal Jelly
 18902 | Slime:5  | Noticed an acid blob
 18903 | Slime:5  | Killed an acid blob
 18904 | Slime:5  | Noticed a rockslime
 18908 | Slime:5  | Killed an acid blob
 18910 | Slime:5  | Killed an acid blob
 18910 | Slime:5  | Received a gift from Okawaru
 18910 | Slime:5  | Noticed an acid blob
 18921 | Slime:5  | Killed a rockslime
 18922 | Slime:5  | Reached XP level 16. HP: 81/149 MP: 6/21
 18932 | Slime:5  | Killed an acid blob
 18932 | Slime:5  | Noticed an acid blob
 18934 | Slime:5  | Noticed an acid blob
 18944 | Slime:5  | Killed an acid blob
 18944 | Slime:5  | Noticed an acid blob
 18946 | Slime:5  | Killed an acid blob
 18946 | Slime:5  | Killed an acid blob
 18946 | Slime:5  | HP: 10/225 [spore (4)]
 19076 | Slime:5  | Noticed an acid blob
 19076 | Slime:5  | Noticed an acid blob
 19078 | Slime:5  | Noticed an acid blob
 19079 | Slime:5  | Noticed an acid blob
 19081 | Slime:5  | Noticed an acid blob
 19082 | Slime:5  | Killed the Royal Jelly
 19087 | Slime:5  | Killed an acid blob
 19088 | Slime:5  | Killed an acid blob
 19094 | Slime:5  | Killed an acid blob
 19100 | Slime:5  | Killed an acid blob
 19101 | Slime:5  | Killed an acid blob
 19255 | Slime:5  | Noticed an acid blob
 19261 | Slime:5  | Reached skill level 16 in Armour
 19262 | Slime:5  | Noticed an acid blob
 19263 | Slime:5  | Killed an acid blob
 19273 | Slime:5  | Killed an acid blob
 19273 | Slime:5  | Received a gift from Okawaru
 19361 | Slime:5  | Identified the +2 ring mail of Lies {Rampage Will- Dex+3
                  | Slay+2}
 19367 | Slime:5  | Noticed an acid blob
 19374 | Slime:5  | Killed an acid blob
 19395 | Slime:5  | Identified the +1 long sword of Satixke {freeze, rC+}
 19420 | Slime:5  | Got a starry gem with 19 turns to spare
 19438 | Slime:5  | Got a slimy rune of Zot
 19438 | Slime:5  | Lost the starry gem through the power of Zot.
 19447 | Slime:5  | Identified the +5 halberd of the Scavenger {heavy, rF+}
 19454 | Slime:5  | Identified the +6 arbalest of Terra Nullius {penet, Str+4}
 19457 | Slime:5  | Identified the ring "Cusausiu" {rN+ Will+ MP+9 Stlth+}
 19472 | Slime:5  | Identified the staff "Plog" {rC+ Stlth+ Ice}
 19537 | Slime:5  | Reached skill level 1 in Throwing
 19576 | Slime:2  | Killed an acid blob
 19594 | Slime:2  | Paralysed by a formless jellyfish for 1 turns
 19828 | D:11     | Received a gift from Okawaru
 19962 | D:11     | Found a frozen archway.
 20014 | D:11     | Found Izxuq's General Store.
 20029 | D:11     | Bought a potion of heal wounds for 70 gold pieces
 20029 | D:11     | Bought a throwing net for 42 gold pieces
 20352 | D:13     | Received a gift from Okawaru
 20382 | D:13     | Reached skill level 17 in Armour
 20385 | D:13     | Found a stormy altar of Qazlal.
 20461 | D:13     | Reached skill level 5 in Throwing
 20696 | D:13     | Reached XP level 17. HP: 160/160 MP: 13/22
 20721 | D:13     | Identified the +0 scale mail of the Shore {rPois Will+}
 20831 | D:13     | Received a gift from Okawaru
 20843 | D:13     | Found a transporter.
 20869 | D:13     | Found a transporter.
 20881 | D:13     | Found a transporter.
 20963 | D:15     | Entered Level 15 of the Dungeon
 21588 | D:15     | Found a staircase to the Depths.
 21598 | Depths:1 | Entered Level 1 of the Depths
 21609 | Depths:1 | Received a gift from Okawaru
 21910 | Depths:1 | Reached skill level 18 in Armour
 21924 | Depths:1 | Noticed a lich
 22055 | Depths:1 | Received a gift from Okawaru
 22095 | Depths:2 | Found a gateway to Hell.
 22192 | Depths:4 | Entered Level 4 of the Depths
 22281 | Depths:3 | Noticed a quicksilver dragon
 22298 | Depths:3 | Killed a quicksilver dragon
 22353 | Depths:3 | Received a gift from Okawaru
 22500 | Depths:4 | Found a one-way gate leading to the halls of Pandemonium.
 22504 | Depths:4 | Gained mutation: You are vulnerable to heat. (rF-) [a
                  | shining eye]
 22511 | Depths:4 | Reached XP level 18. HP: 169/170 MP: 6/23
 22534 | Depths:4 | Reached skill level 19 in Armour
 22869 | Depths:4 | Received a gift from Okawaru
 23348 | Depths:4 | Reached skill level 10 in Throwing
 23356 | Depths:4 | Noticed a golden dragon
 23360 | Depths:4 | Received a gift from Okawaru
 23369 | Depths:4 | Killed a golden dragon
 23374 | Depths:4 | Noticed a lich
 23383 | Depths:4 | Killed a lich
 23462 | Depths:4 | Found a gate to the Realm of Zot.
 23483 | Depths:4 | Got a midnight gem with 1253 turns to spare
 23518 | Zot:1    | Entered Level 1 of the Realm of Zot
 23558 | Zot:1    | Noticed an orb of fire
 23573 | Zot:1    | Noticed an electric golem
 23581 | Zot:1    | Killed an orb of fire
 23603 | Zot:1    | Killed an electric golem
 23674 | Zot:1    | Lost mutation: You are vulnerable to heat. (rF-) [potion of
                  | mutation]
 23674 | Zot:1    | Gained mutation: You are partially covered in iridescent
                  | scales. (AC +2) [potion of mutation]
 23674 | Zot:1    | Gained mutation: You have a pair of large horns on your
                  | head. [potion of mutation]
 23681 | Zot:1    | Lost mutation: You have a pair of large horns on your head.
                  | [potion of mutation]
 23681 | Zot:1    | Lost mutation: You are partially covered in iridescent
                  | scales. (AC +2) [potion of mutation]
 23681 | Zot:1    | Gained mutation: You have supernaturally acute eyesight.
                  | (SInv) [potion of mutation]
 23681 | Zot:1    | Gained mutation: You are strong-willed. (Will+) [potion of
                  | mutation]
 23681 | Zot:1    | Gained mutation: Your flesh is cold resistant. (rC+)
                  | [potion of mutation]
 23681 | Zot:1    | Gained mutation: You are robust. (+10% HP) [potion of
                  | mutation]
 23784 | Zot:3    | Noticed a curse toe
 23809 | Zot:3    | Killed a curse toe
 23810 | Zot:3    | Reached skill level 20 in Armour
 24063 | Zot:4    | Noticed a Killer Klown
 24078 | Zot:4    | Killed a Killer Klown
 24094 | Zot:4    | Noticed a tentacled monstrosity
 24104 | Zot:4    | Killed a tentacled monstrosity
 24186 | Zot:4    | Received a gift from Okawaru
 24369 | Zot:4    | Noticed a tentacled monstrosity
 24385 | Arena    | Entered the Arena
 24422 | Zot:5    | Entered Level 5 of the Realm of Zot
 24645 | Zot:5    | Noticed Jofris Vesimp's ghost (legendary GnFE)
 24650 | Zot:5    | Found a runed translucent door.
 24671 | Zot:5    | Noticed an Orb Guardian
 24671 | Zot:5    | Noticed an Orb Guardian
 24672 | Zot:5    | Noticed an Orb Guardian
 24672 | Zot:5    | Noticed a golden dragon
 24680 | Zot:5    | Killed an Orb Guardian
 24686 | Zot:5    | Killed an Orb Guardian
 24688 | Zot:5    | Killed an Orb Guardian
 24695 | Zot:5    | Killed a golden dragon
 24696 | Zot:5    | Reached XP level 19. HP: 182/198 MP: 8/24
 25100 | Zot:5    | Noticed a golden dragon
 25108 | Zot:5    | Killed a golden dragon
 25108 | Zot:5    | Received a gift from Okawaru
 25314 | Zot:5    | Noticed an orb of fire
 25314 | Zot:5    | Noticed an orb of fire
 25315 | Zot:5    | Noticed a Killer Klown
 25315 | Zot:5    | Noticed an orb of fire
 25315 | Zot:5    | Gained mutation: You occasionally shout uncontrollably at
                  | your foes. [an orb of fire]
 25315 | Zot:5    | Noticed an orb of fire
 25317 | Zot:5    | Gained mutation: Armour fits poorly on your strangely
                  | shaped body. [an orb of fire]
 25320 | Zot:5    | Gained mutation: Your health recovers twice as slowly from
                  | being drained. [an orb of fire]
 25320 | Zot:5    | Gained mutation: You occasionally lose the ability to drink
                  | potions when taking damage. [an orb of fire]
 25348 | Zot:5    | Noticed an ancient lich
 25356 | Zot:5    | Noticed an ancient lich
 25364 | Zot:5    | Noticed a Killer Klown
 25366 | Zot:5    | Killed an ancient lich
 25367 | Zot:5    | Reached skill level 21 in Armour
 25368 | Zot:5    | Noticed an orb of fire
 25386 | Zot:5    | Gained mutation: Your body sometimes deteriorates upon
                  | taking damage. [an orb of fire]
 25388 | Zot:5    | Killed an ancient lich
 25410 | Zot:5    | Killed a Killer Klown
 25412 | Arena    | Entered the Arena
 25449 | Zot:5    | Noticed an orb of fire
 25449 | Zot:5    | HP: 5/199 [Orb Guardian (11)]
 25454 | Zot:5    | Killed from afar by a storm dragon

Illustrated notes

Levels and vault maps discovered:
D:1:      dpeg_arrival_arbitrary_c, layout_basic, minmay_hexomino_c4
D:2:      layout_basic, serial_shops, shop, uniq_natasha, uniq_sigmund
D:3:      layout_loops_cross, mainiacjoe_overflow_small_starburst,
          nicolae_ecumenical_lake_church, roderic_lattice_a
D:4:      layout_basic, mainiacjoe_overflow_brackets, minmay_divided_ellipse
D:5:      layout_gridville, chequers_temple_overflow_statue_of_worship,
          minmay_temple_entry_junction
D:6:      layout_basic, trog_three_pillars_becter, serial_bayou_pond_e
D:7:      layout_loops_ring, serial_shops, nicolae_lakefront_shop,
          nicolae_shop_mannequins, nicolae_stop_n_shop_1, abandoned_shop
D:8:      layout_basic, nicolae_elyvilon_temple_path,
          grunt_lair_entry_orc_guard_hut, serial_shops,
          nicolae_shop_window_shopping, minmay_circle_x
D:9:      minmay_separated_statues, layout_gridville,
          nicolae_ru_great_annihilating_truth, grunt_ministairs_5,
          roadster_capsule_ark_zombie, uniq_gastronok
D:10:     layout_loops_ring, uniq_harold, uniq_grum, uniq_erica
D:11:     layout_loops_ring, serial_shops, shop,
          portal_ice_cave_entry_animals_and_master
D:12:     layout_long_grid, kennysheep_orc_monster_closet_entryway
D:13:     minmay_the_grid_square_5x5_5x5
          [minmay_the_grid_square_5x5_checkered_sparse,
          minmay_the_grid_square_5x5_empty, minmay_the_grid_square_5x5_slash,
          minmay_the_grid_square_5x5_gyroscope, minmay_the_grid_square_5x5_z,
          minmay_the_grid_square_5x5_seven,
          minmay_the_grid_square_5x5_prize_open,
          minmay_the_grid_square_5x5_shrine1,
          minmay_the_grid_square_5x5_prize_waves,
          minmay_the_grid_square_5x5_shrine2,
          minmay_the_grid_square_5x5_spiral_small,
          minmay_the_grid_square_5x5_two_walls_b,
          minmay_the_grid_square_5x5_prize_monsterx,
          minmay_the_grid_square_5x5_eight_small,
          minmay_the_grid_square_5x5_minivault,
          minmay_the_grid_square_5x5_percent,
          minmay_the_grid_square_5x5_prize_pseudospiral,
          minmay_the_grid_square_5x5_n, minmay_the_grid_square_5x5_prize_itemx,
          minmay_the_grid_square_5x5_hollow_slash,
          minmay_the_grid_square_5x5_bridge, minmay_the_grid_square_5x5_detours,
          minmay_the_grid_square_5x5_one_wall,
          minmay_the_grid_square_5x5_beaten_path,
          minmay_the_grid_square_5x5_six_small], layout_irregular_city,
          grunt_vaults_entry_fortified, grunt_decor_arrowhead,
          nicolae_transporter_circle, uniq_nessos
D:14:     minmay_wavy_crystal, layout_loops_ring, minmay_misc_feat_cross,
          nrook_mini_backslash
D:15:     gammafunk_enter_depths_forms, layout_irregular_city,
          chequers_serial_rivers_micro_b
Lair:1:   layout_small_grid, pdpol_lair_cabin_in_the_woods, serial_bayou_shore_b
Lair:2:   layout_gridlike, nicolae_shoals_entry_flooding,
          guppyfry_snake_entry_garden, columned_hall_lemuel,
          grunt_forest_stairs_clearing, lemuel_fruit_tree
Lair:3:   layout_layer_cave, beast_lair_carwin_9, uniq_nergalle
Lair:4:   layout_regular_city
Lair:5:   cheibrodos_lair_end_hotspot, layout_layer_cave,
          dpeg_slime_entry_enclosed, dpeg_oklob_1, uniq_urug
Shoals:1: layout_shoals, serial_shops, shop_statue,
          nicolae_shop_back_alley_shop, shop, shop
Shoals:2: layout_shoals, nicolae_shoals_mertower
Shoals:3: layout_shoals, nicolae_shop_self_help, uniq_ilsuiw, uniq_polyphemus
Shoals:4: shoals_end_hellmonk_storm_palace [storm_palace_center_square,
          storm_palace_corner_reverse_hut, storm_palace_corner_reverse_hut,
          storm_palace_corner_narrow, storm_palace_corner_blocked]
Snake:1:  layout_gridlike, basic_altar
Snake:2:  layout_honeycomb, serial_bayou, serial_bayou_lagoon_a,
          serial_bayou_lagoon_b, serial_bayou_pond_d, serial_bayou_shore_a,
          serial_bayou_shore_b, uniq_aizul
Snake:3:  layout_misc_corridors, serial_shops, shop, nicolae_snake_coiling_death
Snake:4:  johnstein_snake_rune_scales, layout_onion,
          hangedman_snake_thin_pillar_pass
Slime:1:  layout_caves
Slime:2:  cheibrodos_slime_lost_civilization_10, layout_caves
Slime:3:  nicolae_slime_pool, layout_caves
Slime:4:  layout_caves
Slime:5:  slime_pit
Depths:1: layout_big_octagon, hellmouth_3, nicolae_shop_i_like_big_books,
          kennysheep_small_spiral, kennysheep_cross_room,
          kennysheep_decorative_pillar, minmay_misc_feat_rows,
          minmay_multi_spiral
Depths:2: minmay_octo_star, layout_cave_pools, enter_ziggurat_e,
          fedhas_altar_fruit_tree, hell_entry,
          gammafunk_ghost_wrathful_warriors, grunt_pan_entry_sceptre
Depths:3: nicolae_cairo_tiling_large_dashed, layout_cave_pools, hell_entry,
          abyss_entry, kennysheep_doodads, rand_demon_pan_entry_8
Depths:4: grunt_zot_entry_alcove, layout_basic, grunt_hell_entry_dis_old,
          pan_entry, serial_bayou_shore_b, serial_bayou_shore_b
Zot:1:    layout_cathedral_of_symmetry
Zot:2:    layout_misc_corridors
Zot:3:    nicolae_zot_stationary_front, layout_basic
Zot:4:    layout_cathedral_of_symmetry
Zot:5:    layout_cathedral_of_symmetry, hellmonk_ghost_big_iron

Skill      XL: |  1  2  3  4  5  6  7  8  9 10 11 12 13 14 15 16 17 18 19 |
---------------+----------------------------------------------------------+-----
Axes           | 3 4 5 6 7 9 10 12 14 15 16 18 | 18.0
Shields        | 4 5 6 7 8 9 10 11 12 13 15 16 17 18 | 18.6
Fighting       | 4 5 6 7 8 9 10 11 12 14 15 16 17 18 | 18.9
Armour         | 4 5 6 7 8 9 10 11 12 14 15 17 18 20 21 | 21.2
Invocations    | 2 4 5 7 8 |  8.0
Dodging        | 1 4 6 8 10 12 13 14 | 14.8
Throwing       | 5 9 11 12 | 12.9

Action                     |  1- 3 |  4- 6 |  7- 9 | 10-12 | 13-15 | 16-18 | 19-21 || total
---------------------------+-------+-------+-------+-------+-------+-------+-------++-------
  Melee: War axe           |    79 |    90 |   224 |   270 |       |       |       ||   663
         Headbutt          |    11 |    10 |    30 |    91 |   214 |   289 |    43 ||   688
         Broad axe         |       |       |       |   145 |   922 |  1055 |   157 ||  2279
  Throw: Boomerang         |       |       |       |       |    14 |    25 |       ||    39
         Javelin           |       |       |       |       |       |    67 |       ||    67
 Invoke: Heroism           |       |       |       |     4 |     8 |    15 |     2 ||    29
         Finesse           |       |       |       |     1 |     3 |    11 |     2 ||    17
         Receive Weapon    |       |       |       |     1 |       |       |       ||     1
         Receive Armour    |       |       |       |     1 |       |       |       ||     1
         Duel              |       |       |       |       |       |     1 |     1 ||     2
  Evoke: Tin of tremorston |       |       |       |       |     4 |     3 |       ||     7
    Use: Scroll            |       |     1 |    10 |     7 |    10 |    27 |     6 ||    61
         Potion            |       |       |     2 |     2 |     6 |    22 |     9 ||    41
   Stab: Invisible         |       |       |       |    12 |     2 |    15 |       ||    29
         Petrified         |       |       |       |     3 |       |       |       ||     3
         Petrifying        |       |       |       |     1 |       |       |       ||     1
         Sleeping          |       |       |       |       |     1 |       |       ||     1
 Armour: Scale mail        |    54 |    66 |    56 |       |       |       |       ||   176
         Plate armour      |       |       |   157 |    15 |       |       |       ||   172
         Pearl dragon scal |       |       |       |   144 |   320 |   542 |   103 ||  1109
         Skin              |       |       |       |       |       |    17 |       ||    17
  Dodge: Dodged            |    32 |    39 |   246 |   300 |   847 |   664 |    78 ||  2206
         Repelled          |       |       |       |     1 |    22 |    19 |     4 ||    46
  Block: Buckler           |    16 |    20 |    90 |    69 |       |       |       ||   195
         Kite shield       |       |       |       |   112 |   731 |   811 |   125 ||  1779
